 Dungeon Crawl Stone Soup version 0.29-a0-557-g43b9904bd1 (webtiles) character file.

Game seed: 8211641682285452925

35369 frimble the Carver (level 14, -2/122 HPs)
             Began as a Meteoran Ice Elementalist on June 8, 2022.
             Was a Priest of Ashenzari.
             Killed from afar by a deep elf pyromancer (20 damage)
             ... with a bolt of fire
             ... while paralysed by an air elemental
             ... on level 1 of the Elven Halls.
             The game lasted 00:35:23 (7854 turns).

frimble the Carver (Meteoran Ice Elementalist)      Turns: 7854, Time: 00:35:24

Health: -2/122     AC: 10    Str: 20    XL:     14   Next: 53%
Magic:  0/19       EV:  2    Int: 24    God:    Ashenzari [***...]
Gold:   589        SH:  0    Dex: 12    Spells: 6/18 levels left

rFire   + . .      SeeInvis +   I - +7 Screaming Sword {vorpal, sonic wave, Melee, Elem} (curse)
rCold   + . .      Faith    .   T - +2 buckler of Apeoromancy {rC+, Melee, Bglg} (curse)
rNeg    . . .      Spirit   +   m - +4 troll leather armour
rPois   +          Reflect  .   (no helmet)
rElec   .          Harm     .   r - +1 cloak of Starlight {*Dazzle EV+4 Stlth--, Melee, Fort} (curse)
rCorr   .          Rampage  .   (no gloves)
Will    ++...      Clarity  +   (no boots)
Stlth   ..........              o - brooch of Shielding {Spirit SH+8, Alch, Fort} (curse)
HPRegen 1.10/turn               k - ring "Per Aspera Ad Scientiam" {rF+ Str+6, Fort, Elem} (curse)
MPRegen 0.16/turn               V - ring of Dinoaps {rPois Will+ Str+3 Int+2 Dex-2}

@: paralysed, glowing, studying Necromancy
A: sense surroundings 2, otherworldly, glowing, explore regen
a: Renounce Religion, Shatter the Chains


You were on level 1 of the Elven Halls.
You worshipped Ashenzari.
Ashenzari was most pleased with you.
You visited 4 branches of the dungeon, and saw 16 of its levels.
You also visited: Sewer, Bailey and Ice Cave.

You collected 1351 gold pieces.
You spent 762 gold pieces at shops.

Inventory:

Hand Weapons
 e - a +0 dagger of protection
 f - a +1 dagger of speed
 p - the +6 war axe of Vuamn {freeze, Str-4 Int+4 Dex+4}
   (You found it on level 4 of the Dungeon)

   It freezes those it strikes, dealing additional cold damage.
   It can also slow down cold-blooded creatures.
   Str:       It affects your strength (-4).
   Int:       It affects your intelligence (+4).
   Dex:       It affects your dexterity (+4).
 y - a +2 flail of venom
 H - a +3 flail
 I - the cursed +7 Screaming Sword (weapon) {vorpal, sonic wave, Melee, Elem}
   (You found it on level 8 of the Dungeon)

   It inflicts extra damage upon your enemies.
   It radiates damaging sonic waves as it strikes, especially in combat
   involving dangerous or numerous foes.
   It has a curse which improves the following skills: Melee Combat: Short
   Blades, Long Blades, Axes, Maces & Flails, Polearms, Staves and Unarmed
   Combat.
   Elements:  Fire Magic, Ice Magic, Air Magic and Earth Magic.
Missiles
 j - 16 poisoned darts
Armour
 m - a +4 troll leather armour (worn)
 r - the cursed +1 cloak of Starlight (worn) {*Dazzle EV+4 Stlth--, Melee, Fort}
   (You bought it in a shop on level 2 of the Orcish Mines)

   It may blind those who miss an attack against the wearer in melee combat.
   EV:        It affects your evasion (+4).
   Stlth:     It makes you much less stealthy.
   It has a curse which improves the following skills: Melee Combat: Short
   Blades, Long Blades, Axes, Maces & Flails, Polearms, Staves and Unarmed
   Combat.
   Fortitude: Armour and Shields.
 z - a +0 kite shield
 R - a +3 scale mail of cold resistance
 T - the cursed +2 buckler of Apeoromancy (worn) {rC+, Melee, Bglg}
   (You found it in an ice cave)

   It has a curse which improves the following skills: Melee Combat: Short
   Blades, Long Blades, Axes, Maces & Flails, Polearms, Staves and Unarmed
   Combat.
   Beguiling: Conjurations, Hexes and Translocations.
 U - a +2 crystal plate armour of cold resistance
Jewellery
 a - the ring of Zehe {MP+9 Dex+3 SInv}
   (You took it off a gnoll on level 7 of the Dungeon)

   [ring of magical power]

   Dex:       It affects your dexterity (+3).
   MP:        It affects your magic capacity (+9).
   SInv:      It lets you see invisible.
 k - the cursed ring "Per Aspera Ad Scientiam" (left hand) {rF+ Str+6, Fort, Elem}
   (You found it in a sewer)

   [ring of strength]

   Str:       It affects your strength (+6).
   rF:        It protects you from fire.
   It has a curse which improves the following skills: Fortitude: Armour and
   Shields.
   Elements:  Fire Magic, Ice Magic, Air Magic and Earth Magic.
 o - the cursed brooch of Shielding (around neck) {Spirit SH+8, Alch, Fort}
   (You found it on level 4 of the Dungeon)

   [amulet of guardian spirit]

   It causes incoming damage to be divided between your reserves of health and
   magic.
   SH:        It affects your SH (+8).
   It has a curse which improves the following skills: Alchemy: Poison Magic and
   Transmutations.
   Fortitude: Armour and Shields.
 Q - a ring of positive energy
 S - a ring of resist corrosion
 V - the ring of Dinoaps (right hand) {rPois Will+ Str+3 Int+2 Dex-2}
   (You found it in an ice cave)

   [ring of willpower]

   Str:       It affects your strength (+3).
   Int:       It affects your intelligence (+2).
   Dex:       It affects your dexterity (-2).
   rPois:     It protects you from poison.
   Will:      It increases your willpower.
Wands
 s - a wand of acid (15)
 t - a wand of digging (8)
 u - a wand of iceblast (33)
 x - a wand of mindburst (8)
 B - a wand of polymorph (4)
 C - a wand of flame (27)
 F - a wand of charming (14)
 N - a wand of paralysis (7)
Scrolls
 c - 5 scrolls of fear
 d - 3 scrolls of vulnerability
 n - 2 scrolls of amnesia
 v - 3 scrolls of noise
 A - 4 scrolls of teleportation
 D - 3 scrolls of brand weapon
 J - 3 scrolls of summoning
 L - a scroll of enchant weapon
 O - a scroll of magic mapping
 W - a scroll of immolation
Potions
 b - a potion of magic
 g - 4 potions of lignification
 h - a potion of haste
 i - 2 potions of ambrosia
 l - 4 potions of brilliance
 q - 6 potions of curing
 w - 2 potions of might
 E - a potion of degeneration
 G - 2 potions of heal wounds
 M - 2 potions of flight


   Skills:
 + Level 10.8 Fighting
 - Level 14.7(17.8) Long Blades
 - Level 6.2(9.4) Maces & Flails
 - Level 5.5 Throwing
 + Level 9.8 Dodging
 - Level 1.5 Stealth
 + Level 10.3(13.5) Shields
 - Level 2.8 Spellcasting
 - Level 6.6(8.3) Conjurations
 - Level 6.6(8.2) Transmutations
 - Level 7.3(9.8) Ice Magic
 - Level 6.0 Evocations


You had 6 spell levels left.
You knew the following spells:

 Your Spells              Type           Power      Damage    Failure   Level
a - Freeze                Ice            100%       1d11      1%          1
b - Frozen Ramparts       Ice            100%       1d12      1%          3
c - Ozocubu's Armour      Ice            50%        N/A       1%          3
d - Irradiate             Conj/Tmut      21%        3d20      14%         5

Your spell library contained the following spells:

 Spells                   Type           Power      Damage    Failure   Level
 Hailstorm                Conj/Ice       47%        3d11      3%          4
 Ice Form                 Ice/Tmut       46%        N/A       3%          4
 Slow                     Hex            16%        N/A       14%         1
 Poisonous Vapours        Pois/Air       8%         N/A       21%         2
 Summon Ice Beast         Ice/Summ       27%        N/A       21%         4
 Sublimation of Blood     Necr           3%         N/A       22%         2
 Petrify                  Tmut/Erth      24%        N/A       26%         4
 Confusing Touch          Hex            4%         N/A       38%         3
 Portal Projectile        Hex/Tloc       8%         N/A       38%         3
 Tukima's Dance           Hex            4%         N/A       38%         3
 Call Canine Familiar     Summ           3%         N/A       41%         3
 Vampiric Draining        Necr           3%         2d6       41%         3
 Lightning Bolt           Conj/Air       12%        1d25      56%         5
 Yara's Violent Unravell  Hex/Tmut       11%        3d6       58%         5
 Airstrike                Air            2%         N/A       78%         4
 Corpse Rot               Necr/Pois/Air  4%         N/A       80%         4
 Leda's Liquefaction      Hex/Erth       2%         N/A       80%         4
 Passage of Golubria      Tloc           4%         N/A       80%         4
 Summon Lightning Spire   Summ/Air       4%         N/A       80%         4
 Simulacrum               Ice/Necr       13%        N/A       97%         6


Dungeon Overview and Level Annotations

Branches:
Dungeon (12/15)            Temple (1/1) D:7            Lair (0/6) D:8
    Orc (2/2) D:12            Elf (1/3) Orc:2         Sewer (visited)
 Bailey (visited)           IceCv (visited)

Altars:
Ashenzari
Cheibriados
Dithmenos
Elyvilon
Fedhas
Gozag
Hepliaklqana
Kikubaaqudgha
Makhleb
Nemelex Xobeh
Qazlal
Ru
Sif Muna
Trog
Uskayaw
Vehumet
Wu Jian
Xom
Yredelemnul
Zin
The Shining One
Beogh

Shops:
Orc:2 [*[(

Annotations:
D:4 2 transporters, Menkaure
Orc:2 3 runed translucent doors, Gelos's ghost, journeyman OpVM; zishaf's ghost, journeyman VSBr


Innate Abilities, Weirdness & Mutations

You passively map the area around you.
You are easily found by Zot.
You glow in the dark.
You regain HP and MP as you explore.


Message History

You closely miss the deep elf high priest.
The deep elf high priest is almost dead.
You block the air elemental's attack.
The air elemental hits you but does no damage.
A deep elf pyromancer comes into view. It is wielding a +0 short sword.
You block the deep elf high priest's attack.
The deep elf pyromancer mumbles some strange words. x2
The deep elf pyromancer blinks!
You closely miss the deep elf high priest.
The deep elf high priest is severely wounded.
The air elemental completely misses you.
The air elemental barely misses you.
You hit the deep elf high priest.
The cursed Screaming Sword screams, "I love you all!
And my gift to you is ARMAGEDDON!"
You send a blast of sound all around you.
The monsters around you are blasted!
The fire elemental is moderately damaged.
You kill the deep elf high priest!
The fire elemental is almost destroyed.
The fire elemental is severely damaged.
You kill the deep elf pyromancer!
The fire elemental disappears in a puff of smoke!
The deep elf pyromancer is moderately wounded.
The deep elf pyromancer is almost dead.
The air elemental is severely damaged.
The deep elf knight is heavily wounded.
You hear a shout! x15
The air elemental fires a burst of electricity at you.
The stunning burst hits you.
You suddenly lose the ability to move!
* * * LOW HITPOINT WARNING * * *
The deep elf pyromancer mumbles some strange words.
The air elemental hits you!
* * * LOW HITPOINT WARNING * * *
The air elemental hits you but does no damage.
The air elemental fires a burst of electricity at you.
The stunning burst hits you!
* * * LOW HITPOINT WARNING * * *
The deep elf pyromancer casts a spell at you.
The bolt of fire hits you!! You resist.
You die...

** *, #...#.. *
, , * ##.#####,
, , * *#..# , *
** *+ , ##)##
** * * ,*****
#..# * * , , ,
,#.## *** ** *
#..###### * *,
##.##...##.#* ,
, #..))@§...# ,
####E#e#### ,*
, #.E)§§..#* ,
*#.E.......# *
,, #§☼.._....#*
+ #e°○........#
, , * *
eeeE..8#8......
,,, ** *,, ,
..☼.§.###......
, ,, * , ,, ,,
+


You could see a deep elf knight (empowered), 4 deep elf pyromancers, 3 fire
elementals and an air elemental.

Vanquished Creatures
  Saint Roka (Orc:2)
  An orc warlord (Orc:1)
  An ettin (Orc:1)
  A deep elf high priest (Elf:1)
  2 vault guards (Bailey)
  A hydra (D:11)
  3 two-headed ogres (D:11)
  A tengu warrior (D:11)
  An orc high priest (Orc:2)
  A deep elf knight (Elf:1)
  A skeletal warrior (D:11)
  The ghost of CowFu the Destroyer, a novice GnWn of Hepliaklqana (D:7)
  2 bog bodies (IceCv)
  2 deep elf archers (Elf:1)
  3 orc knights
  2 deep elf pyromancers (Elf:1)
  A manticore (D:11)
  2 orc sorcerers (Orc:2)
  2 cyclopes (D:11)
  An ice statue (IceCv)
  Maggie (D:9)
  2 rime drakes (D:11)
  A kobold demonologist (D:6)
  2 unseen horrors
  An anaconda simulacrum (IceCv)
  A komodo dragon (D:11)
  2 entropy weaver simulacra (IceCv)
  6 trolls
  Prince Ribbit (Bailey)
  2 fire elementals (Elf:1)
  9 yaks
  4 humans (Bailey)
  A dire elephant simulacrum (IceCv)
  A water elemental (Elf:1)
  2 wraiths (D:10)
  A basilisk (shapeshifter) (D:11)
  Grum (D:7)
  A death yak simulacrum (IceCv)
  A warg (Orc:2)
  A harpy simulacrum (IceCv)
  An acid dragon (D:9)
  A water moccasin (D:7)
  40 orc warriors
  A sky beast (D:6)
  A black bear (D:5)
  4 ice beasts
  6 ogres
  3 wolves (D:7)
  4 centaurs
  A phantom (D:6)
  15 bullfrogs
  3 gnoll sergeants (D:7)
  3 necrophages
  5 two-headed ogre simulacra (IceCv)
  3 cane toad simulacra (IceCv)
  3 scorpions (D:8)
  11 wights
  4 elephant simulacra (IceCv)
  9 killer bees
  A howler monkey (D:8)
  25 orc priests
  A jelly (D:5)
  7 hounds
  Jessica (D:2)
  4 gnoll shamans
  4 iguanas
  21 orc wizards
  2 polar bear simulacra (IceCv)
  5 troll simulacra (IceCv)
  4 spriggan simulacra (IceCv)
  A wolf simulacrum (IceCv)
  27 gnolls
  5 adders
  6 naga simulacra (IceCv)
  A shadow imp (D:5)
  7 white imps
  9 ufetubi (IceCv)
  2 worms (D:3)
  3 dart slugs
  87 orcs
  5 endoplasms
  14 giant cockroaches
  8 goblins
  4 hobgoblins
  5 quokkas
  7 ball pythons
  10 bats
  13 frilled lizards
  3 kobolds
  4 rats
485 creatures vanquished.

Vanquished Creatures (others)
  An orc wizard (Orc:2)
  19 fungi (D:8)
  6 plants
  4 withered plants (Orc:2)
30 creatures vanquished.

Grand Total: 515 creatures vanquished

Notes
Turn   | Place    | Note
-------+----------+-------------------------------------------
     0 | D:1      | frimble the Meteoran Ice Elementalist began the quest for
                  | the Orb.
     0 | D:1      | Reached XP level 1. HP: 14/14 MP: 5/5
    53 | D:1      | Reached XP level 2. HP: 20/20 MP: 4/6
   103 | D:2      | Noticed Jessica
   111 | D:2      | Killed Jessica
   112 | D:2      | Reached skill level 1 in Fighting
   112 | D:2      | Reached XP level 3. HP: 29/29 MP: 4/8
   135 | D:2      | Reached skill level 5 in Ice Magic
   146 | D:2      | Learned a level 3 spell: Frozen Ramparts
   150 | D:2      | Learned a level 3 spell: Ozocubu's Armour
   220 | D:2      | Reached XP level 4. HP: 32/36 MP: 9/9
   407 | D:3      | Found a glowing drain.
   439 | Sewer    | Entered a sewer
   476 | Sewer    | Reached skill level 1 in Throwing
   507 | Sewer    | Reached XP level 5. HP: 22/42 MP: 6/10
   630 | Sewer    | Noticed a bullfrog
   631 | Sewer    | Noticed a bullfrog
   639 | Sewer    | Killed a bullfrog
   640 | Sewer    | Reached XP level 6. HP: 36/51 MP: 4/11
   678 | Sewer    | Identified the ring "Ytalurac" {rF+ Str+6}
  1140 | D:4      | Found the brooch of Shielding {Spirit SH+8}
  1176 | D:4      | Identified the +6 war axe of Vuamn {freeze, Str-4 Int+4
                  | Dex+4}
  1209 | D:4      | Found a transporter.
  1211 | D:4      | Found a transporter.
  1225 | D:4      | Found an ancient bone altar of Kikubaaqudgha.
  1261 | D:4      | Found a basalt altar of Yredelemnul.
  1266 | D:4      | Noticed Menkaure
  1337 | D:4      | Noticed an ice beast
  1347 | D:4      | You fall into a shaft and drop 3 floors!
  1361 | D:7      | Reached XP level 7. HP: 58/58 MP: 6/12
  1494 | D:6      | Found a transporter.
  1504 | D:6      | Noticed a kobold demonologist
  1644 | D:6      | Killed a kobold demonologist
  1645 | D:6      | Reached skill level 5 in Fighting
  1645 | D:6      | Reached skill level 5 in Throwing
  1645 | D:6      | Reached XP level 8. HP: 19/68 MP: 7/13
  1645 | D:6      | Found a transporter.
  1853 | D:6      | Found a stormy altar of Qazlal.
  1856 | D:5      | Entered Level 5 of the Dungeon
  1885 | D:5      | Learned a level 5 spell: Irradiate
  2359 | D:5      | Reached skill level 1 in Conjurations
  2359 | D:5      | Reached skill level 1 in Transmutations
  2359 | D:5      | Reached skill level 1 in Evocations
  2364 | D:5      | Gained mutation: You passively map the area around you.
                  | [Meteoran growth]
  2364 | D:5      | Reached XP level 9. HP: 63/75 MP: 6/14
  2739 | D:7      | Found a staircase to the Ecumenical Temple.
  2758 | Temple   | Entered the Ecumenical Temple
  2833 | Temple   | Became a worshipper of Ashenzari the Shackled
  2867 | D:7      | Reached skill level 1 in Maces & Flails
  3046 | D:7      | Identified the +2 kite shield of Fifriapt {-Cast Dex+4}
  3062 | D:7      | Noticed Grum
  3078 | D:7      | Found a transporter.
  3106 | D:7      | Reached XP level 10. HP: 66/84 MP: 7/15
  3108 | D:7      | Found a transporter.
  3120 | D:7      | Killed Grum
  3121 | D:7      | Reached skill level 5 in Conjurations
  3121 | D:7      | Reached skill level 5 in Evocations
  3134 | D:7      | Reached skill level 5 in Transmutations
  3139 | D:7      | Noticed CowFu's ghost (novice GnWn)
  3149 | D:7      | Killed CowFu's ghost
  3150 | D:7      | Reached skill level 5 in Maces & Flails
  3168 | D:7      | Identified the ring of Zehe {MP+9 Dex+3 SInv}
  3553 | D:7      | Reached skill level 1 in Shields
  3803 | D:8      | Reached * piety under Ashenzari
  3924 | D:8      | Found a burning altar of Makhleb.
  3928 | D:8      | Found a glowing silver altar of Zin.
  3928 | D:8      | Noticed a green death
  3928 | D:8      | Noticed an angel
  4051 | D:8      | Found the +7 Singing Sword {vorpal, sonic wave}
  4142 | D:8      | Found a white marble altar of Elyvilon.
  4271 | D:8      | Found a staircase to the Lair.
  4371 | D:8      | Reached skill level 1 in Long Blades
  4541 | D:9      | Reached skill level 2 in Long Blades
  4548 | D:9      | Reached XP level 11. HP: 75/91 MP: 12/16
  4565 | D:9      | Found a flagged portal.
  4568 | D:9      | Noticed Maggie
  4571 | D:9      | Reached ** piety under Ashenzari
  4577 | D:9      | Reached skill level 3 in Long Blades
  4578 | D:9      | Killed Maggie
  4579 | D:9      | Reached skill level 4 in Long Blades
  4600 | D:9      | Reached skill level 5 in Long Blades
  4613 | Bailey   | Entered a bailey
  4625 | Bailey   | Reached skill level 6 in Long Blades
  4641 | Bailey   | Reached skill level 7 in Long Blades
  4668 | Bailey   | Reached skill level 8 in Long Blades
  4696 | Bailey   | Noticed a vault guard
  4696 | Bailey   | Noticed Prince Ribbit
  4708 | Bailey   | Your ally Prince Ribbit died
  4708 | Bailey   | Killed a vault guard
  4709 | Bailey   | Reached skill level 9 in Long Blades
  4740 | Bailey   | Noticed a vault guard
  4750 | Bailey   | Killed a vault guard
  4751 | Bailey   | Reached skill level 10 in Long Blades
  5016 | D:9      | Reached skill level 11 in Long Blades
  5060 | D:9      | Found a sacrificial altar of Ru.
  5140 | D:10     | Entered Level 10 of the Dungeon
  5438 | D:10     | Reached XP level 12. HP: 97/97 MP: 17/17
  5576 | D:10     | Reached *** piety under Ashenzari
  5708 | D:11     | Reached skill level 12 in Long Blades
  5716 | D:11     | Noticed a two-headed ogre
  5720 | D:11     | Killed a two-headed ogre
  5721 | D:11     | Reached skill level 13 in Long Blades
  5728 | D:11     | Noticed a four-headed hydra
  5740 | D:11     | Killed a four-headed hydra
  5794 | D:11     | Reached skill level 14 in Long Blades
  5794 | D:11     | Found a frozen archway.
  5800 | IceCv    | Entered an ice cave
  5904 | IceCv    | Reached **** piety under Ashenzari
  6114 | IceCv    | Noticed a bog body
  6114 | IceCv    | Noticed a bog body
  6116 | IceCv    | Killed a bog body
  6116 | IceCv    | Killed a bog body
  6117 | IceCv    | Reached skill level 5 in Shields
  6117 | IceCv    | Reached XP level 13. HP: 65/105 MP: 18/18
  6124 | IceCv    | Identified the ring of Dinoaps {rPois Will+ Str+3 Int+2
                  | Dex-2}
  6231 | D:11     | Noticed a two-headed ogre
  6235 | D:11     | Noticed a tengu warrior
  6237 | D:11     | Killed a two-headed ogre
  6240 | D:11     | Noticed a two-headed ogre
  6247 | D:11     | Killed a tengu warrior
  6249 | D:11     | Killed a two-headed ogre
  6250 | D:11     | Reached skill level 5 in Dodging
  6890 | D:12     | Found a staircase to the Orcish Mines.
  6913 | Orc:1    | Entered Level 1 of the Orcish Mines
  6981 | Orc:2    | Entered Level 2 of the Orcish Mines
  7065 | Orc:2    | Found a staircase to the Elven Halls.
  7155 | Orc:2    | Noticed Saint Roka
  7176 | Orc:2    | Killed Saint Roka
  7182 | Orc:2    | Found Gienouph's Antique Weapon Shoppe.
  7186 | Orc:2    | Found Ninepike's Antique Armour Emporium.
  7192 | Orc:2    | Bought the +1 cloak of Starlight {*Dazzle EV+4 Stlth--} for
                  | 762 gold pieces
  7192 | Orc:2    | Found the +1 cloak of Starlight {*Dazzle EV+4 Stlth--}
  7360 | Orc:2    | Found a runed translucent gate.
  7361 | Orc:2    | Found a runed translucent gate.
  7361 | Orc:2    | Found a runed translucent gate.
  7363 | Orc:2    | Noticed Gelos's ghost (journeyman OpVM)
  7363 | Orc:2    | Noticed zishaf's ghost (journeyman VSBr)
  7364 | Orc:2    | Identified the Grimoire of Earth and Changing
  7446 | Orc:1    | Reached XP level 14. HP: 109/119 MP: 16/19
  7463 | Orc:1    | Noticed an orc warlord
  7468 | Orc:1    | Reached skill level 10 in Fighting
  7482 | Orc:1    | Killed an orc warlord
  7498 | Orc:1    | Noticed an ettin
  7511 | Orc:1    | Killed an ettin
  7667 | Orc:2    | Found Cughufoe's Armour Boutique.
  7732 | Orc:2    | Found Qeumage's Assorted Antiques.
  7804 | Elf:1    | Entered Level 1 of the Elven Halls
  7826 | Elf:1    | Found a radiant altar of Vehumet.
  7837 | Elf:1    | Reached skill level 10 in Shields
  7842 | Elf:1    | Paralysed by an air elemental for 1 turns
  7846 | Elf:1    | Paralysed by an air elemental for 1 turns
  7853 | Elf:1    | Paralysed by an air elemental for 1 turns
  7854 | Elf:1    | Killed from afar by a deep elf pyromancer

Illustrated notes

Levels and vault maps discovered:
D:1:      scummos_arrival_star, layout_rooms, nicolae_ecumenical_lake_church
D:2:      layout_loops_ring, minmay_tiny_reverse_x, uniq_jessica
D:3:      layout_loops_ring, mainiacjoe_overflow_alcove_4,
          cheibrodos_sewer_entry_drain, minmay_fountain_box,
          grunt_decor_arrowhead
D:4:      layout_basic, gammafunk_temple_of_torment, kennysheep_generic_room_13
D:5:      layout_basic, nicolae_sextant, minmay_quadrilaterals
D:6:      gammafunk_wand_slinger, layout_cave_pods,
          nicolae_qazlal_scattered_showers, kennysheep_generic_room_10
D:7:      layout_basic, minmay_temple_entry_butterflies, serial_shops,
          nicolae_lakefront_shop, gammafunk_ghost_gnarly_gnolls,
          minmay_misc_feat_tower
D:8:      old_forge, layout_basic, mainiacjoe_overflow_brackets,
          grunt_temple_overflow_order_and_chaos_2, lair_entry_dummy
D:9:      layout_big_octagon, mainiacjoe_overflow_six_doors_small,
          enter_bailey_2, grunt_ministairs_5, uniq_maggie
D:10:     layout_grid_maze
D:11:     layout_small_grid, portal_ice_cave_rime, kb_rosetta
D:12:     layout_stronghold, david_orc_3, serial_bayou_pond_e,
          minmay_the_grid_2x2 [minmay_the_grid_rooms, minmay_the_grid_paths,
          minmay_the_grid_slots, minmay_the_grid_prize_diamond_cup]
Temple:   nicolae_temple_great_sept
Orc:1:    layout_diamond_mine, ebering_ghost_disaster_area, serial_shops,
          shop_statue, special_room [special_room_orc]
Orc:2:    grunt_orc_community_town_hall, layout_diamond_mine,
          grunt_orc_community_big_house_2, grunt_orc_community_big_house_1,
          grunt_orc_community_house_2, grunt_orc_community_house_2,
          grunt_orc_community_house_3, grunt_orc_community_house_3,
          grunt_orc_community_house_1, gammafunk_ghost_cemetery
Elf:1:    eino_elf_arrival_altar, layout_gridlike, minmay_elf_sorcery,
          minmay_shoptagon

Skill      XL: |  1  2  3  4  5  6  7  8  9 10 11 12 13 14 |
---------------+-------------------------------------------+-----
Fighting       | 1 2 3 5 6 7 9 10 | 10.8
Ice Magic      | 5 6 7 |  7.3
Throwing       | 1 2 3 5 |  5.5
Conjurations   | 2 4 6 |  6.6
Transmutations | 2 4 6 |  6.6
Evocations     | 2 4 6 |  6.0
Maces & Flails | 3 6 |  6.2
Shields        | 3 4 5 8 10 | 10.3
Long Blades    | 2 11 14 | 14.7
Dodging        | 4 8 9 |  9.8
Stealth        | |  1.5
Spellcasting   | |  2.8

Action                   |  1- 3 |  4- 6 |  7- 9 | 10-12 | 13-15 || total
-------------------------+-------+-------+-------+-------+-------++-------
Melee: Dagger            |    26 |    89 |    41 |       |       ||   156
       Punch             |       |     1 |       |     1 |       ||     2
       War axe           |       |       |    55 |       |       ||    55
       Flail             |       |       |    38 |   103 |       ||   141
       Double sword      |       |       |       |   194 |   250 ||   444
 Cast: Freeze            |    16 |    23 |       |     4 |       ||    43
       Frozen Ramparts   |       |    15 |    14 |    22 |     5 ||    56
       Ozocubu's Armour  |       |     2 |    11 |    15 |    10 ||    38
       Irradiate         |       |       |       |     1 |       ||     1
Invok: Curse Item        |       |       |       |     6 |     2 ||     8
       Shatter the Chain |       |       |       |       |     3 ||     3
Evoke: Wand              |       |       |    11 |    24 |     1 ||    36
  Use: Scroll            |       |     7 |     1 |     4 |     4 ||    16
       Potion            |       |       |     1 |     3 |     1 ||     5
 Stab: Sleeping          |       |     2 |       |     2 |       ||     4
       Invisible         |       |       |       |       |     1 ||     1
Armor: Robe              |     4 |    15 |    24 |    47 |     2 ||    92
       Skin              |       |       |       |    21 |       ||    21
       Troll leather arm |       |       |       |       |    16 ||    16
Dodge: Dodged            |    20 |    51 |    57 |    98 |    62 ||   288
Block: Other             |       |     2 |    75 |    31 |       ||   108
       Buckler           |       |       |       |   173 |   160 ||   333

Table legend: (Time is in decaauts)
 A = Elapsed time spent in this place.
 B = Non-inter-level travel time spent in this place.
 C = Inter-level travel time spent in this place.
 D = Time resting spent in this place.
 E = Time spent auto-exploring this place.
 F = Levels seen in this place.
 G = Mean time per level.
                   A        B        C        D        E       F      G
               +--------+--------+--------+--------+--------+-----+--------+
         Total |   7831 |   7323 |    508 |     98 |   4207 |  19 |  412.2 |
       Dungeon |   5986 |   5574 |    412 |     98 |   3782 |  12 |  498.8 |
        Temple |     85 |     75 |     10 |      0 |     56 |   1 |   85.0 |
  Orcish Mines |    837 |    752 |     85 |      0 |    295 |   2 |  418.5 |
   Elven Halls |     42 |     42 |      0 |      0 |      6 |   1 |   42.0 |
         Sewer |    281 |    281 |      0 |      0 |      8 |   1 |  281.0 |
        Bailey |    221 |    221 |      0 |      0 |     34 |   1 |  221.0 |
      Ice Cave |    377 |    377 |      0 |      0 |     26 |   1 |  377.0 |
               +--------+--------+--------+--------+--------+-----+--------+

Top non-repeatable levels by time:
     D:7: 931 daAuts
     D:8: 862 daAuts
    D:11: 738 daAuts
   Orc:2: 655 daAuts
     D:6: 625 daAuts
     D:5: 598 daAuts
    D:10: 518 daAuts
     D:9: 415 daAuts
     D:4: 411 daAuts
   IceCv: 377 daAuts
     D:3: 355 daAuts
     D:2: 321 daAuts
   Sewer: 281 daAuts
  Bailey: 221 daAuts
   Orc:1: 181 daAuts
